[ AOE2 MATCH · #481908120 ]
Team RMTeutons vs Malians
[ REPLAY ANALYSIS · EXTRACTED FROM THE RECORDED GAME ]
Feudal
—
Castle
—
Imperial
—
| APM avg | 8.8 |
| APM peak | 19 |
| eAPM avg | 5.5 |
| Villagers / military | 17 / 0 |
Focus
⚔️ 0.0% · 🌾 100.0%
Feudal
—
Castle
—
Imperial
—
| APM avg | 18.7 |
| APM peak | 26 |
| eAPM avg | 5.5 |
| Villagers / military | 17 / 0 |
Focus
⚔️ 0.0% · 🌾 100.0%
Feudal
—
Castle
—
Imperial
—
| APM avg | 13.3 |
| APM peak | 35 |
| eAPM avg | 5.7 |
| Villagers / military | 16 / 0 |
Focus
⚔️ 0.0% · 🌾 100.0%
Feudal
—
Castle
—
Imperial
—
| APM avg | 17.3 |
| APM peak | 28 |
| eAPM avg | 6.4 |
| Villagers / military | 19 / 0 |
Focus
⚔️ 0.0% · 🌾 100.0%
Feudal
—
Castle
—
Imperial
—
| APM avg | 14.7 |
| APM peak | 40 |
| eAPM avg | 6.2 |
| Villagers / military | 17 / 0 |
Focus
⚔️ 0.0% · 🌾 100.0%
Feudal
—
Castle
—
Imperial
—
| APM avg | 28.6 |
| APM peak | 51 |
| eAPM avg | 4.4 |
| Villagers / military | 26 / 0 |
Focus
⚔️ 0.0% · 🌾 100.0%
Feudal
—
Castle
—
Imperial
—
| APM avg | 20.9 |
| APM peak | 25 |
| eAPM avg | 5.8 |
| Villagers / military | 16 / 0 |
Focus
⚔️ 0.0% · 🌾 100.0%
Feudal
—
Castle
—
Imperial
—
| APM avg | 8.9 |
| APM peak | 18 |
| eAPM avg | 6.0 |
| Villagers / military | 20 / 0 |
Focus
⚔️ 17.1% · 🌾 82.9%
Match map
Initial resources + every placement click. Lines = walls · curves = elevation contours. ◆ gold · ⬟ stone · ● berries · ✦ relic · ◌ wall gap
Your base
Vae Victis's base
MEx's base
j55/tyl777's base
Don Typhoon's base
Tolly Wonka's base
SavageRuler's base
Assisu2405's base
Smoothed initial terrain · ◌ = detected wall gap · hover for details
Inputs per minute
— Dumbzie - - Vae Victis
Build order — Dumbzie
20 actions detected in the replay
| 0:07 | Create | Villager (Male) |
| 0:07 | Research | Loom |
| 0:08 | Create | Villager (Male) ×3 |
| 1:07 | Build | House |
| 1:08 | Build | House |
| 1:09 | Build | House |
| 1:11 | Build | House |
| 1:23 | Create | Villager (Male) |
| 3:07 | Create | Villager (Male) |
| 3:08 | Create | Villager (Male) |
| 3:22 | Build | House |
| 3:23 | Build | House |
| 3:26 | Build | House |
| 3:27 | Build | House |
| 3:48 | Create | Villager (Male) ×2 |
| 4:24 | Create | Villager (Male) |
| 5:41 | Create | Villager (Male) ×3 |
| 6:07 | Create | Villager (Male) ×2 |
| 6:59 | Create | Villager (Male) |
| 6:59 | Create | Villager (Male) |
Build order — Vae Victis
23 actions detected in the replay
| 0:12 | Create | Villager (Male) |
| 0:13 | Research | Loom |
| 0:14 | Create | Villager (Male) |
| 0:15 | Create | Villager (Male) |
| 0:15 | Create | Villager (Male) |
| 0:26 | Build | House |
| 0:28 | Build | House |
| 0:31 | Build | House |
| 2:18 | Create | Villager (Male) |
| 3:07 | Create | Villager (Male) |
| 3:22 | Create | Villager (Male) |
| 3:47 | Create | Villager (Male) |
| 4:06 | Create | Villager (Male) |
| 4:32 | Create | Villager (Male) |
| 4:55 | Create | Villager (Male) |
| 5:14 | Create | Villager (Male) |
| 5:29 | Create | Villager (Male) |
| 5:47 | Build | House |
| 5:52 | Build | House |
| 6:03 | Create | Villager (Male) |
| 6:03 | Create | Villager (Male) |
| 6:38 | Create | Villager (Male) |
| 6:38 | Create | Villager (Male) |
Build order — MEx
22 actions detected in the replay
| 0:07 | Build | House |
| 0:07 | Build | House |
| 0:08 | Build | House |
| 0:12 | Build | House |
| 0:22 | Research | Loom |
| 0:22 | Research | Loom |
| 0:23 | Create | Villager (Male) |
| 0:23 | Create | Villager (Male) |
| 0:24 | Create | Villager (Male) |
| 0:24 | Create | Villager (Male) |
| 2:01 | Create | Villager (Male) |
| 2:54 | Create | Villager (Male) |
| 2:54 | Create | Villager (Male) |
| 3:16 | Create | Villager (Male) |
| 3:51 | Create | Villager (Male) |
| 4:07 | Create | Villager (Male) |
| 4:35 | Create | Villager (Male) |
| 4:35 | Create | Villager (Male) |
| 5:56 | Create | Villager (Male) |
| 5:56 | Create | Villager (Male) |
| 5:56 | Create | Villager (Male) |
| 5:57 | Create | Villager (Male) |
Build order — j55/tyl777
26 actions detected in the replay
| 0:04 | Create | Villager (Male) |
| 0:04 | Create | Villager (Male) |
| 0:04 | Create | Villager (Male) |
| 0:05 | Create | Villager (Male) |
| 0:14 | Build | House |
| 0:16 | Build | House |
| 1:58 | Create | Villager (Male) |
| 2:36 | Create | Villager (Male) |
| 2:36 | Create | Villager (Male) |
| 2:37 | Create | Villager (Male) |
| 3:23 | Create | Villager (Male) |
| 3:23 | Create | Villager (Male) |
| 3:37 | Build | House |
| 3:40 | Build | House |
| 3:45 | Build | House |
| 3:57 | Create | Villager (Male) |
| 4:51 | Create | Villager (Male) |
| 4:51 | Create | Villager (Male) |
| 5:25 | Create | Villager (Male) |
| 5:25 | Create | Villager (Male) |
| 6:06 | Create | Villager (Male) |
| 6:06 | Create | Villager (Male) |
| 6:59 | Create | Villager (Male) |
| 6:59 | Create | Villager (Male) |
| 7:23 | Build | Lumber Camp |
| 8:19 | Build | Mill |
Build order — Don Typhoon
23 actions detected in the replay
| 0:05 | Build | House |
| 0:06 | Build | House |
| 0:08 | Build | House |
| 0:09 | Create | Villager (Male) |
| 0:09 | Create | Villager (Male) |
| 0:10 | Create | Villager (Male) |
| 0:56 | Create | Villager (Male) |
| 1:32 | Create | Villager (Male) |
| 2:15 | Create | Villager (Male) |
| 2:45 | Create | Villager (Male) |
| 3:08 | Create | Villager (Male) |
| 3:30 | Build | Lumber Camp |
| 3:32 | Create | Villager (Male) |
| 3:54 | Create | Villager (Male) |
| 4:31 | Create | Villager (Male) |
| 4:56 | Create | Villager (Male) |
| 5:22 | Create | Villager (Male) |
| 6:01 | Create | Villager (Male) |
| 6:02 | Create | Villager (Male) |
| 6:09 | Create | Villager (Male) |
| 6:31 | Build | Mill |
| 6:36 | Build | House |
| 7:49 | Create | Villager (Male) |
Build order — Tolly Wonka
26 actions detected in the replay
| 0:04 | Research | Loom |
| 0:08 | Build | House |
| 0:30 | Create | Villager (Male) ×4 |
| 1:15 | Build | House |
| 2:05 | Build | House |
| 2:50 | Create | Villager (Male) |
| 2:50 | Create | Villager (Male) |
| 3:17 | Create | Villager (Male) |
| 3:17 | Create | Villager (Male) |
| 3:57 | Create | Villager (Male) |
| 3:57 | Create | Villager (Male) |
| 4:12 | Create | Villager (Male) |
| 4:12 | Create | Villager (Male) |
| 4:22 | Build | House |
| 4:57 | Create | Villager (Male) |
| 4:58 | Create | Villager (Male) |
| 5:06 | Create | Villager (Male) |
| 5:06 | Create | Villager (Male) |
| 6:20 | Build | Mill |
| 6:32 | Create | Villager (Male) |
| 6:33 | Create | Villager (Male) ×2 |
| 6:52 | Build | Lumber Camp |
| 7:35 | Create | Villager (Male) |
| 7:36 | Create | Villager (Male) |
| 7:50 | Build | House |
| 8:30 | Create | Villager (Male) ×5 |
Build order — SavageRuler
20 actions detected in the replay
| 0:04 | Create | Villager (Male) |
| 0:04 | Create | Villager (Male) |
| 0:05 | Create | Villager (Male) |
| 0:05 | Create | Villager (Male) |
| 1:32 | Create | Villager (Male) |
| 2:18 | Research | Loom |
| 2:20 | Create | Villager (Male) |
| 3:18 | Build | Mill |
| 3:27 | Create | Villager (Male) |
| 3:27 | Create | Villager (Male) |
| 3:27 | Create | Villager (Male) |
| 3:27 | Create | Villager (Male) |
| 5:00 | Create | Villager (Male) |
| 5:59 | Create | Villager (Male) |
| 5:59 | Create | Villager (Male) |
| 6:00 | Create | Villager (Male) |
| 7:12 | Build | Lumber Camp |
| 7:24 | Create | Villager (Male) |
| 7:25 | Create | Villager (Male) |
| 7:56 | Research | Feudal Age |
Build order — Assisu2405
33 actions detected in the replay
| 0:24 | Create | Villager (Male) |
| 0:25 | Research | Loom |
| 0:25 | Create | Villager (Male) |
| 0:25 | Create | Villager (Male) |
| 0:26 | Create | Villager (Male) |
| 1:04 | Build | House |
| 1:35 | Build | House |
| 1:53 | Create | Villager (Male) |
| 3:42 | Build | House |
| 3:54 | Create | Villager (Male) |
| 3:54 | Create | Villager (Male) |
| 3:55 | Create | Villager (Male) |
| 3:55 | Create | Villager (Male) |
| 4:43 | Build | House |
| 5:51 | Build | House |
| 6:03 | Create | Villager (Male) |
| 6:04 | Create | Villager (Male) |
| 6:04 | Create | Villager (Male) |
| 6:04 | Create | Villager (Male) |
| 6:05 | Create | Villager (Male) |
| 6:05 | Create | Villager (Male) |
| 6:43 | Build | Palisade Wall |
| 6:50 | Build | Palisade Gate |
| 6:57 | Build | Palisade Gate |
| 7:02 | Build | Palisade Gate |
| 7:06 | Build | Palisade Gate |
| 7:18 | Create | Villager (Male) |
| 7:18 | Create | Villager (Male) |
| 7:44 | Build | Palisade Gate |
| 7:52 | Build | Palisade Gate |
| 8:00 | Create | Villager (Male) |
| 8:00 | Create | Villager (Male) |
| 8:00 | Create | Villager (Male) |
Match timeline
| 6:43 | Assisu2405 · wall_segment Palisade Wall x55 |
| 8:17 | MEx · resign |
[ AI ANALYSIS · 1 CREDIT ]
What really happened in this match?
Wolo.gg analyzes every decision: build order, eco, micro, common mistakes by bracket. Personalized analysis on WhatsApp or Discord in 30 seconds.
Civ guide
Teutons
Map guide
Oasis
Perfil
Dumbzie